 Dungeon Crawl Stone Soup version 0.31-a0-1091-g283494c966 (webtiles) character file.

Game seed: 16247628293442635897

133 inmateoo the Poker (level 4, -1/34 HPs)
             Began as a Demonspawn Gladiator on Nov 28, 2023.
             Killed from afar by Ijyb (6 damage)
             ... with a bolt of acid
             ... on level 3 of the Dungeon.
             The game lasted 00:02:21 (1724 turns).

inmateoo the Poker (Demonspawn Gladiator)           Turns: 1724, Time: 00:02:22

Health: -1/34      AC:  4    Str: 16    XL:     4   Next: 94%
Magic:  4/4        EV:  8    Int: 10    God:
Gold:   108        SH:  0    Dex: 14    Spells: 3/3 levels left

rFire   . . .        a - +0 trident
rCold   . . .        (no shield)
rNeg    . . .        f - +0 chain mail
rPois   .            c - +0 helmet
rElec   .            j - +2 cloak {rCorr}
rCorr   +            (no gloves)
SInv    .            (no boots)
Will    .....        (no amulet) Stlth
                     (no ring)
HPRegen 0.25/turn    (no ring)
MPRegen 0.09/turn

%: no passive effects
@: corroded
A: powered by death 1, demonic magic 1
a: no special abilities


You were on level 3 of the Dungeon.
You visited 1 branch of the dungeon, and saw 3 of its levels.

You collected 108 gold pieces.

Inventory:

Hand Weapons
 a - a +0 trident (weapon)
 g - a +1 short sword of venom
Missiles
 e - 5 javelins
Armour
 c - a +0 helmet (worn)
 f - a +0 chain mail (worn)
 j - a +2 cloak of preservation (worn)
Scrolls
 b - a scroll of identify {unknown}
 h - 2 scrolls of summoning {unknown}


   Skills:
 + Level 2.9 Fighting
 * Level 3.8 Polearms
 - Level 1.7 Throwing
 + Level 1.6 Armour
 + Level 3.3 Dodging


You had 3 spell levels left.
You didn't know any spells.
Your spell library contained the following spells:

 Spells                   Type           Power      Damage    Failure   Level
 Ozocubu's Armour         Ice            0%         N/A       100%        3
 Metabolic Englaciation   Hex/Ice        0%         N/A       100%        5
 Simulacrum               Ice/Necr       0%         N/A       100%        6


Dungeon Overview and Level Annotations

Branches:
Dungeon (3/15)

Altars:
Xom

Annotations:
D:3 Ijyb


Innate Abilities, Weirdness & Mutations

You regenerate a little health from kills.
Spells you cast may paralyse adjacent enemies.


Message History

You escape the ball python's grasp.
Ijyb zaps a wand.
The bolt of acid hits the ball python!
The ball python dies!
The bolt of acid hits you. You resist.
Ijyb zaps a wand.
The bolt of acid hits you. You resist.
* * * LOW HITPOINT WARNING * * *
Throw: 5 javelins
Press: ? - help, Q - select action, (/) - cycle Shift-Dir - straight line, f/p - Ijyb
Aim: Ijyb, wielding a +0 dagger, wearing a +0 leather armour of cold resistance and carrying a wand of acid (moderately wounded, 47% to hit)
Okay, then.
Throw: throwing net
Press: ? - help, Q - select action, (/) - cycle Shift-Dir - straight line, f/p - Ijyb
Aim: Ijyb, wielding a +0 dagger, wearing a +0 leather armour of cold resistance and carrying a wand of acid (moderately wounded, 47% to hit)
You throw a throwing net. The throwing net hits Ijyb.
Ijyb is caught in the net!
Ijyb is moderately wounded.
Ijyb struggles against the net.
Ijyb zaps a wand.
The bolt of acid misses you.
Ijyb struggles against the net.
Ijyb struggles against the net.
You see here a +0 dagger.
You are no longer corroded.
You start resting.
Ijyb is nearby!
You completely miss Ijyb.
Ijyb is moderately wounded.
Ijyb zaps a wand.
The bolt of acid hits you. You resist. The acid corrodes you!
You closely miss Ijyb.
Ijyb is moderately wounded.
Ijyb zaps a wand.
The bolt of acid hits you. You resist.
* * * LOW HITPOINT WARNING * * *
The acid corrodes you!
You hit Ijyb but do no damage.
Ijyb is moderately wounded.
Ijyb hits you with a +0 dagger.
* * * LOW HITPOINT WARNING * * *
You are too injured to fight recklessly!
You hit Ijyb but do no damage.
Ijyb is moderately wounded.
Ijyb zaps a wand.
The bolt of acid hits you. You resist.
You die...

### ##.## ##...##
#....). ##...##
##.### ###
########...> ##g##
#.........##
##@#.###.######..#
####.###.##.#.......#
##...##
##.....####..#
###.....###......#
#..#
#........#..##..##
#...
########.....#.....
#..# ...##
#............######
#..# ##..
#.######.....# #..#
#.....# #..#


You could see Ijyb.

Vanquished Creatures
  Crazy Yiuf (D:2)
  4 gnolls
  2 adders (D:2)
  A worm (D:2)
  A dart slug (D:1)
  An orc (D:3)
  6 bats
  3 giant cockroaches
  3 goblins (D:1)
  3 hobgoblins
  6 jackals
  5 kobolds
  4 ball pythons
  A frilled lizard (D:1)
  2 rats (D:1)
43 creatures vanquished.

Vanquished Creatures (others)
  A ball python (D:3)
1 creature vanquished.

Grand Total: 44 creatures vanquished

Notes
Turn   | Place    | Note
-------+----------+-------------------------------------------
     0 | D:1      | inmateoo the Demonspawn Gladiator began the quest for the
                  | Orb.
     0 | D:1      | Reached XP level 1. HP: 16/16 MP: 1/1
    74 | D:1      | Gained mutation: You regenerate a little health from kills.
                  | [demonic ancestry]
    74 | D:1      | Reached XP level 2. HP: 22/22 MP: 2/2
   408 | D:1      | Reached XP level 3. HP: 28/28 MP: 3/3
   518 | D:1      | Reached skill level 1 in Armour
   745 | D:2      | Found a runed translucent door.
   746 | D:2      | Noticed Crazy Yiuf
   992 | D:1      | Gained mutation: Spells you cast may paralyse adjacent
                  | enemies. [demonic ancestry]
   992 | D:1      | Reached XP level 4. HP: 27/34 MP: 4/4
  1106 | D:2      | Found a shimmering altar of Xom.
  1327 | D:2      | Killed Crazy Yiuf
  1663 | D:3      | Noticed Ijyb
  1724 | D:3      | Killed from afar by Ijyb

Illustrated notes

Levels and vault maps discovered:
D:1:      noname_arrival_rooms_in_the_neighbourhood, layout_basic
D:2:      layout_basic, basic_altar, st_stairs_3, amcnicky_mini_pool_small,
          uniq_crazy_yiuf_cottage
D:3:      layout_loops_ring, uniq_ijyb

Skill      XL: |  1  2  3 |
---------------+----------+-----
Polearms       | 3 |  3.8
Armour         | 1 |  1.6
Dodging        | 3 |  3.3
Fighting       | |  2.9
Throwing       | |  1.7

Action                     |  1- 3 |  4- 6 || total
---------------------------+-------+-------++-------
  Melee: Trident           |   118 |    42 ||   160
         Punch             |     1 |       ||     1
  Throw: Throwing net      |       |     3 ||     3
         Javelin           |       |     2 ||     2
    Use: Scroll            |     2 |       ||     2
         Potion            |       |     1 ||     1
 Armour: Leather armour    |    33 |       ||    33
         Chain mail        |    28 |    44 ||    72
  Dodge: Dodged            |    68 |    10 ||    78

Table legend: (Time is in decaauts)
 A = Elapsed time spent in this place.
 B = Non-inter-level travel time spent in this place.
 C = Inter-level travel time spent in this place.
 D = Time resting spent in this place.
 E = Time spent auto-exploring this place.
 F = Levels seen in this place.
 G = Mean time per level.
                   A        B        C        D        E       F      G
               +--------+--------+--------+--------+--------+-----+--------+
         Total |   1749 |   1678 |     71 |    317 |    914 |   3 |  583.0 |
       Dungeon |   1749 |   1678 |     71 |    317 |    914 |   3 |  583.0 |
               +--------+--------+--------+--------+--------+-----+--------+

Top non-repeatable levels by time:
     D:2: 984 daAuts
     D:1: 605 daAuts
     D:3: 159 daAuts
